 Dungeon Crawl Stone Soup version 0.23.1 (webtiles) character file.

Game seed: 4353592123928759133

84 night the Twirler (level 4, -1/34 HPs)
             Began as a Demonspawn Gladiator on Mar 15, 2019.
             Slain by an orc wizard
             ... wielding a +0 dagger of electrocution
              (4 damage)
             ... on level 2 of the Dungeon.
             The game lasted 00:04:59 (1893 turns).

night the Twirler (Demonspawn Gladiator)            Turns: 1893, Time: 00:05:00

Health: -1/34      AC:  4    Str: 16    XL:     4   Next: 24%
Magic:  4/4        EV: 18    Int:  9    God:
Gold:   71         SH:  0    Dex: 19    Spells: 3/3 levels left

rFire    + . .     SeeInvis .   a - +0 quarterstaff
rCold    + . .     Gourm    .   (shield currently unavailable)
rNeg     . . .     Faith    .   b - +0 leather armour
rPois    +         Spirit   .   c - +0 helmet
rElec    +         Reflect  .   (no cloak)
rCorr    +         Harm     .   (no gloves)
MR       .....                  (no boots)
Stlth    ++........             (no amulet)
HPRegen  0.11/turn              (no ring)
MPRegen  0.09/turn              (no ring)

@: agile, resistant, flying, hasted, very quick
A: claws 1, powered by pain 1
a: no special abilities


You were on level 2 of the Dungeon.
You were not hungry.

You visited 1 branch of the dungeon, and saw 3 of its levels.

You collected 71 gold pieces.

Inventory:

Hand Weapons
 a - a +0 quarterstaff (weapon)
 g - a +2 short sword of venom
Missiles
 d - 3 throwing nets (quivered)
 h - 40 bolts
 l - 44 stones
 n - 23 arrows
 v - 19 sling bullets
Armour
 b - a +0 leather armour (worn)
 c - a +0 helmet (worn)
Scrolls
 e - 3 scrolls of identify {unknown}
 i - a scroll of teleportation {unknown}
 j - a scroll of fear {unknown}
 m - a scroll of enchant weapon {unknown}
 p - a scroll of blinking {unknown}
 r - a scroll of immolation {unknown}
 t - a scroll of amnesia {unknown}
Potions
 k - a potion of curing
Comestibles
 f - 5 rations
 u - a chunk of flesh


   Skills:
 - Level 2.8 Fighting
 + Level 4.2 Staves
 - Level 1.7 Throwing
 - Level 2.6 Dodging


You had 3 spell levels left.
You didn't know any spells.
Your spell library was empty.

Dungeon Overview and Level Annotations

Branches:
Dungeon (3/15)

Altars:
Gozag
Nemelex Xobeh


Innate Abilities, Weirdness & Mutations

You have sharp fingernails.
You sometimes gain a little power by taking damage.


Message History

You fly up into the air.
The orc wizard points at you and mumbles some strange words.
The puff of flame hits you. You resist.
* * * LOW HITPOINT WARNING * * *
You barely miss the orc wizard.
The orc wizard is lightly wounded.
The orc wizard closely misses you.
You completely miss the orc wizard.
The orc wizard is lightly wounded.
The orc wizard barely misses you.
You closely miss the orc wizard.
The orc wizard is lightly wounded.
The orc wizard barely misses you.
You closely miss the orc wizard.
The orc wizard is lightly wounded.
The orc wizard barely misses you.
You barely miss the orc wizard.
The orc wizard is lightly wounded.
The orc wizard hits you with a +0 dagger of electrocution.
You die...

#....# #....#
#....# #....#
#....# #######
#....# #.....#
#....# #.....#
#....###[....#####
#
'..†.'.'.....+..@#
#
#....###.....##o.##
# #....#
#.....#....#
#############
###### #.....#....#
#............ #
######.....#
#.########### ###
#.......# #.#####
..#
#.......###.#[..#
..#
#...............#
..#
#.....#####...#.#


You could see an orc wizard.

Vanquished Creatures
  5 oozes
  4 worms
  A dart slug (D:1)
  An orc (D:3)
  8 giant cockroaches
  5 goblins (D:1)
  6 hobgoblins
  2 jackals (D:1)
  5 bats
  3 frilled lizards
  4 kobolds
  3 rats
47 creatures vanquished.

Notes
Turn   | Place    | Note
-------+----------+-------------------------------------------
     0 | D:1      | night the Demonspawn Gladiator began the quest for the Orb.
     0 | D:1      | Reached XP level 1. HP: 16/16 MP: 1/1
     1 | D:1      | Found a runed translucent door.
    73 | D:1      | Reached skill level 3 in Staves
   265 | D:1      | Gained mutation: You have sharp fingernails. [demonic
                  | ancestry]
   265 | D:1      | Reached XP level 2. HP: 19/22 MP: 2/2
   928 | D:2      | Gained mutation: You sometimes gain a little power by
                  | taking damage. [demonic ancestry]
   928 | D:2      | Reached XP level 3. HP: 19/28 MP: 3/3
  1000 | D:2      | Found an opulent altar of Gozag.
  1000 | D:2      | Found a sparkling altar of Nemelex Xobeh.
  1466 | D:1      | Reached skill level 4 in Staves
  1476 | D:1      | Reached XP level 4. HP: 9/34 MP: 4/4
  1478 | D:1      | HP: 1/34 [worm (8)]
  1893 | D:2      | Slain by an orc wizard

Skill      XL: |  1  2  3 |
---------------+----------+-----
Staves         | 3 4 |  4.2
Fighting       | |  2.8
Throwing       | |  1.7
Dodging        | |  2.6

Action                   |  1- 3 |  4- 6 || total
-------------------------+-------+-------++-------
Melee: Quarterstaff      |   115 |    29 ||   144
       Short sword       |       |     2 ||     2
  Use: Potion            |       |     4 ||     4
 Stab: Sleeping          |     3 |       ||     3
  Eat: Chunk             |     2 |     1 ||     3
Armor: Leather armour    |    38 |     3 ||    41
Dodge: Dodged            |    99 |    22 ||   121
